 Dungeon Crawl Stone Soup version 0.27-a0-1140-g099f9bb0e8 (webtiles) character file.

Game seed: 4439268725316348544

246 Zeld the Chopper (level 6, 0/43 HPs)
             Began as an Octopode Fighter on May 9, 2021.
             Succumbed to a water moccasin's poison
             ... on level 3 of the Dungeon.
             The game lasted 00:03:10 (3196 turns).

Zeld the Chopper (Octopode Fighter)                 Turns: 3196, Time: 00:03:11

Health: 0/43       AC:  1    Str: 17 (18) XL:     6   Next: 11%
Magic:  6/6        EV: 11    Int:  9 (10) God:
Gold:   128        SH:  9    Dex:  9 (11) Spells: 5/5 levels left

rFire    . . .     SeeInvis .   a - +0 war axe
rCold    . . .     Faith    .   b - +0 kite shield
rNeg     . . .     Spirit   .   (helmet restricted)
rPois    .         Reflect  .   (no amulet)
rElec    .         Harm     .   (no ring)
rCorr    .         Rampage  .   (no ring)
Will     .....                  (no ring)
Stlth    ++........             (no ring)
HPRegen  0.14/turn              (no ring)
MPRegen  0.10/turn              (no ring)
                                (no ring)
                                (no ring)

@: lethally poisoned (0 -> -7)
A: almost no armour, amphibious, 8 rings, camouflage 1, gelatinous body 1,
(nimble swimmer 1), tentacles
a: no special abilities


You were on level 3 of the Dungeon.
You visited 1 branch of the dungeon, and saw 3 of its levels.

You collected 128 gold pieces.

Inventory:

Hand Weapons
 a - a +0 war axe (weapon)
Armour
 b - a +0 kite shield (worn)
Scrolls
 d - a scroll of magic mapping {unknown}
 e - a scroll of identify {unknown}
 f - a scroll of fog {unknown}
 g - a scroll of holy word {unknown}
 h - a scroll of enchant weapon {unknown}
 k - a scroll of silence {unknown}
 l - a scroll of enchant armour {unknown}
 m - a scroll of teleportation {unknown}
Potions
 c - a potion of might


   Skills:
 + Level 4.2 Fighting
 * Level 4.4 Axes
 - Level 3.0 Dodging
 + Level 4.2 Shields


You had 5 spell levels left.
You didn't know any spells.
Your spell library was empty.

Dungeon Overview and Level Annotations

Branches:
Dungeon (3/15)

Altars:

Annotations:
D:3 Sigmund


Innate Abilities, Weirdness & Mutations

You cannot wear most types of armour.
You are amphibious.
You can wear up to eight rings at the same time.
Your skin changes colour to match your surroundings (Stealth+).
Your rubbery body absorbs attacks. (AC +1, EV +1)
((You are camouflaged near water. (Stealth+)))
You have tentacles for arms and can constrict up to eight enemies at once.


Message History

Your squeeze misses the water moccasin.
The water moccasin is moderately wounded.
The water moccasin bites you!
You are poisoned.
The water moccasin poisons you! The water moccasin closely misses you.
Your shield prevents you from hitting the water moccasin.
Your grab misses the water moccasin.
The water moccasin is moderately wounded.
You feel very sick. The water moccasin closely misses you.
You block the water moccasin's attack.
You slash the water moccasin! You grab the water moccasin.
The water moccasin is almost dead.
You constrict the water moccasin.
You feel sick. The water moccasin barely misses you.
The water moccasin bites you!
* * * LOW HITPOINT WARNING * * *
You are lethally poisoned!
The water moccasin poisons you!
You slash the water moccasin!
You kill the water moccasin!
* * * LOW HITPOINT WARNING * * *
You feel very sick.
Your Fighting skill increases to level 4!
Your Axes skill increases to level 4!
Your Shields skill increases to level 4!
You have reached level 6!
Your experience leads to an increase in your attributes!
Increase (S)trength, (I)ntelligence, or (D)exterity?
You feel stronger.
There is a lethal amount of poison in your body!
It was a potion of degeneration.
There was something very wrong with that liquid.
You feel weakened.
You feel dopey.
You feel clumsy.
* * * LOW HITPOINT WARNING * * *
You feel sick.
Unknown command.
It was a potion of cancellation.
Your magical effects are unravelling.
You feel magically purged.
You feel a little less mighty now.
You die...

#.# #.# #....## #.#
#.# #...##
##.###.###...####
#.).)...........#
#..................
#.....#.........###
#.....####...####
#.....# #......
###@### #...##. #.#
##### # ... ##.##
#.# #.# #.# #.#


There were no monsters in sight!

Vanquished Creatures
  A water moccasin (D:3)
  A hound (D:3)
  5 adders (D:2)
  A shadow imp (D:3)
  6 orcs
  4 ball pythons
  2 endoplasms
  3 giant cockroaches
  5 hobgoblins
  5 kobolds
  2 bats
  5 frilled lizards
  9 goblins
  6 rats
55 creatures vanquished.

Notes
Turn   | Place    | Note
-------+----------+-------------------------------------------
     0 | D:1      | Zeld the Octopode Fighter began the quest for the Orb.
     0 | D:1      | Reached XP level 1. HP: 16/16 MP: 1/1
   211 | D:1      | Reached XP level 2. HP: 21/21 MP: 2/2
   733 | D:1      | Found a faded altar of an unknown god.
  1110 | D:2      | Reached XP level 3. HP: 13/26 MP: 3/3
  1544 | D:2      | Reached XP level 4. HP: 22/31 MP: 4/4
  2316 | D:3      | Noticed Sigmund
  2423 | D:3      | Reached XP level 5. HP: 33/36 MP: 5/5
  3187 | D:3      | Noticed a water moccasin
  3194 | D:3      | Killed a water moccasin
  3195 | D:3      | Reached XP level 6. HP: 3/43 MP: 6/6
  3195 | D:3      | HP: 2/43 [poisoned by a water moccasin]
  3196 | D:3      | Succumbed to a water moccasin's poison

Illustrated notes

Levels and vault maps discovered:
D:1:      dpeg_arrival_lava_altar, layout_loops_ring,
          shapermc_ecumenical_altar_mp_vishouse
D:2:      layout_loops_ring
D:3:      layout_loops_ring, minmay_misc_feat_cross, uniq_grinder, uniq_sigmund

Skill      XL: |  1  2  3  4  5 |
---------------+----------------+-----
Axes           | 3 4 |  4.4
Fighting       | 4 |  4.2
Shields        | 4 |  4.2
Dodging        | |  3.0

Action                   |  1- 3 |  4- 6 || total
-------------------------+-------+-------++-------
Melee: War axe           |    43 |    57 ||   100
       Constrict         |    10 |    19 ||    29
       Tentacles         |     6 |    10 ||    16
  Use: Potion            |       |     3 ||     3
 Stab: Sleeping          |    11 |     4 ||    15
Armor: Skin              |     2 |     1 ||     3
Dodge: Dodged            |    19 |    30 ||    49
Block: Kite shield       |    16 |    21 ||    37

Table legend: (Time is in decaauts)
 A = Elapsed time spent in this place.
 B = Non-inter-level travel time spent in this place.
 C = Inter-level travel time spent in this place.
 D = Time resting spent in this place.
 E = Time spent auto-exploring this place.
 F = Levels seen in this place.
 G = Mean time per level.
                   A        B        C        D        E       F      G
               +--------+--------+--------+--------+--------+-----+--------+
         Total |   3255 |   3236 |     19 |    533 |   2272 |   3 | 1085.0 |
       Dungeon |   3255 |   3236 |     19 |    533 |   2272 |   3 | 1085.0 |
               +--------+--------+--------+--------+--------+-----+--------+

Top non-repeatable levels by time:
     D:2: 1708 daAuts
     D:1: 977 daAuts
     D:3: 568 daAuts
